 Dungeon Crawl Stone Soup version 0.25-a0-160-gd1d2e81aba (webtiles) character file.

Game seed: 16086206498119135479, levelgen mode: deterministic

2534 Myrm the Grappler (level 9, -2/112 HPs)
             Began as a Troll Monk on Nov 21, 2019.
             Was a Believer of Hepliaklqana.
             Slain by a centaur
             ... wielding a +3 trident of venom
              (7 damage)
             ... on level 7 of the Dungeon.
             The game lasted 00:44:21 (5879 turns).

Myrm the Grappler (Troll Monk)                      Turns: 5879, Time: 00:44:21

Health: -2/112     AC: 34    Str: 22    XL:     9   Next: 30%
Magic:  17/17      EV:  1    Int:  6    God:    Hepliaklqana [**....]
Gold:   313        SH:  0    Dex: 14    Spells: 8/8 levels left

rFire    . . .     SeeInvis .   k - +5 flail (protect)
rCold    . . .     Gourm    +   (no shield)
rNeg     + + +     Faith    .   (armour currently unavailable)
rPois    +         Spirit   .   (helmet currently unavailable)
rElec    .         Reflect  .   (cloak currently unavailable)
rCorr    .         Harm     .   (gloves unavailable)
MR       .....     NoTele   +   (boots unavailable)
Stlth    ++........             o - amulet of the acrobat
HPRegen  0.68/turn              e - +3 ring of protection
MPRegen  0.15/turn              h - ring of magical power

@: lethally poisoned (-2 -> -19), tree-form, protection aura
A: large, unfitting armour, reduced essence, fast metabolism 3, gourmand,
regeneration 1
a: Recall Ancestor, Ancestor Identity, Renounce Religion


You were on level 7 of the Dungeon.
You worshipped Hepliaklqana.
Hepliaklqana was pleased with you.
You were not hungry.
You were a tree.
You visited 2 branches of the dungeon, and saw 8 of its levels.

You collected 313 gold pieces.

Inventory:

Hand Weapons
 k - a +5 flail of protection (weapon)
Missiles
 d - 16 poisoned darts (quivered)
Armour
 a - a +1 robe (melded)
Jewellery
 e - a +3 ring of protection (left branch)
 h - a ring of magical power (right branch)
 j - an uncursed amulet of rage
 n - an uncursed ring of positive energy
 o - an amulet of the acrobat (around neck)
 q - an uncursed ring of protection from fire
Wands
 s - a wand of iceblast (2)
Scrolls
 c - 3 scrolls of identify
 l - 2 scrolls of enchant weapon
 m - 2 scrolls of teleportation
 r - a scroll of amnesia
 t - a scroll of remove curse
Potions
 g - 3 potions of haste
 i - a potion of brilliance
 p - a potion of flight
Comestibles
 b - 9 rations


   Skills:
 + Level 3.7 Fighting
 * Level 5.9 Maces & Flails
 + Level 0.4 Throwing
 + Level 4.7 Dodging
 * Level 3.1 Stealth
 + Level 8.0 Unarmed Combat


You had 8 spell levels left.
You didn't know any spells.
Your spell library contained the following spells:

 Spells                   Type           Power        Failure   Level  Hunger
 Summon Small Mammal      Summ           #...         45%         1    ##.....
 Call Imp                 Summ           #.......     58%         2    ###....
 Call Canine Familiar     Summ           #.......     83%         3    ####...
 Summon Guardian Golem    Hex/Summ       #.......     83%         3    ####...
 Summon Ice Beast         Ice/Summ       #.......     99%         4    #####..
 Summon Lightning Spire   Summ/Air       #.......     99%         4    #####..


Dungeon Overview and Level Annotations

Branches:
Dungeon (7/15)             Temple (1/1) D:6

Altars:
Cheibriados
Dithmenos
Fedhas
Gozag
Hepliaklqana
Makhleb
Qazlal
Uskayaw
Yredelemnul
Zin
The Shining One


Innate Abilities, Weirdness & Mutations

You are too large for most types of armour.
((You have claws for hands.))
Your metabolism is lightning-fast.
You like to eat raw meat.
Your natural rate of healing is unusually fast.
((You are covered in fur. (AC +1)))
((You have extremely tough skin. (AC +3)))
Your life essence is reduced to manifest your ancestor. (-10% HP)


Message History

The hippogriff bites you but does no damage.
The hippogriff pecks you but does no damage.
The hippogriff claws you but does no damage.
You thump the hippogriff!
The hippogriff is severely wounded.
* * * LOW HITPOINT WARNING * * *
You feel very sick.
The centaur hits you from afar with a +3 trident of venom.
* * * LOW HITPOINT WARNING * * *
You are more poisoned.
The hippogriff completely misses you.
The hippogriff pecks you but does no damage.
The hippogriff claws you but does no damage.
The centaur hits you but does no damage.
You hit the hippogriff.
The hippogriff is severely wounded.
* * * LOW HITPOINT WARNING * * *
You feel very sick.
The centaur hits you from afar with a +3 trident of venom!
You die...

#.# ###.....##.###...## #...###
#.# ###...##.#......###..#.##.
#.# ###....#......##..##.... #.#
.#######........##.###..## #.#
Oou....###................ #.#
##..###....##........ #.#
###..c..###............ #.#
##..###)H..###.........( #.#
####..##..♣.#...###........ #.#
##..#..##...................
#.####..#..#.#.##..##.###........
..#..#..#..#.#.##...####.........
..###..#..#..##(..####..#........
....####..#..#..####...##........
.##...####....####...#.##......#.
....#...###..###...#.#.##.#....#.
###.###...###....#.#.#.##....###.


You could see a hippogriff and a centaur.

Vanquished Creatures
  An ugly thing (D:7)
  Prince Ribbit (D:5)
  A hippogriff (D:7)
  Menkaure (D:5)
  A soldier ant (D:7)
  A water moccasin (D:7)
  3 ogres
  A scorpion (D:5)
  A killer bee (D:7)
  4 hounds
  2 orc priests
  5 orc wizards
  2 iguanas (D:4)
  Terence (D:2)
  4 worker ants
  A killer bee zombie (D:6)
  4 adders
  4 gnolls (D:4)
  An adder skeleton (D:4)
  An adder zombie (D:6)
  2 worms
  3 dart slugs
  3 leopard geckos
  20 orcs
  4 giant cockroaches
  11 goblins
  2 hobgoblins
  3 jackals (D:1)
  3 ball pythons
  3 bats
  8 frilled lizards
  6 kobolds
  4 rats
112 creatures vanquished.

Vanquished Creatures (collateral kills)
  3 killer bees (D:7)
  5 crimson imps
  A bullfrog zombie (D:6)
  3 orc wizards (D:6)
  An adder skeleton (D:6)
13 creatures vanquished.

Vanquished Creatures (others)
  2 battlemagi
2 creatures vanquished.

Grand Total: 127 creatures vanquished

Notes
Turn   | Place    | Note
-------+----------+-------------------------------------------
     0 | D:1      | Myrm the Troll Monk began the quest for the Orb.
     0 | D:1      | Reached XP level 1. HP: 22/22 MP: 0/0
   101 | D:1      | Reached XP level 2. HP: 23/29 MP: 1/1
  1840 | D:2      | Noticed Terence
  1859 | D:2      | Killed Terence
  1859 | D:2      | Reached XP level 3. HP: 24/36 MP: 2/2
  2106 | D:3      | Reached skill level 4 in Unarmed Combat
  2116 | D:3      | Reached XP level 4. HP: 44/44 MP: 3/3
  2729 | D:4      | Reached XP level 5. HP: 49/52 MP: 4/4
  2878 | D:4      | Reached skill level 5 in Unarmed Combat
  2964 | D:4      | Reached XP level 6. HP: 49/59 MP: 5/5
  3322 | D:4      | Reached skill level 6 in Unarmed Combat
  3494 | D:4      | Reached XP level 7. HP: 56/67 MP: 6/6
  3850 | D:5      | Entered Level 5 of the Dungeon
  3850 | D:5      | Noticed Prince Ribbit
  3850 | D:5      | Noticed Menkaure
  4012 | D:5      | Killed Menkaure
  4096 | D:5      | Reached skill level 1 in Maces & Flails
  4096 | D:5      | Reached skill level 7 in Unarmed Combat
  4102 | D:5      | Killed Prince Ribbit
  4102 | D:5      | Reached XP level 8. HP: 45/75 MP: 7/7
  4535 | D:5      | Found a basalt altar of Yredelemnul.
  4731 | D:6      | Found a staircase to the Ecumenical Temple.
  4805 | Temple   | Entered the Ecumenical Temple
  4881 | Temple   | Became a worshipper of Hepliaklqana the Forgotten
  4881 | Temple   | Reached * piety under Hepliaklqana
  4881 | Temple   | Reached ** piety under Hepliaklqana
  4908 | D:6      | Remembered your ancestor Artakama as a battlemage
  5594 | D:7      | Reached skill level 8 in Unarmed Combat
  5619 | D:7      | Noticed a hippogriff
  5626 | D:7      | Killed a hippogriff
  5788 | D:7      | Reached XP level 9. HP: 66/74 MP: 8/8
  5840 | D:7      | Noticed a brown ugly thing
  5851 | D:7      | Killed a brown ugly thing
  5851 | D:7      | Reached skill level 5 in Maces & Flails
  5879 | D:7      | HP: 5/112 [poisoned by a centaur]
  5879 | D:7      | Slain by a centaur

Levels and vault maps discovered:
D:1:      evilmike_arrival_crescent, layout_loops_corners
D:2:      layout_basic, uniq_terence
D:3:      layout_rooms
D:4:      layout_basic, first_ration
D:5:      layout_rooms, overflow_temple_1_default, uniq_prince_ribbit1,
          uniq_menkaure
D:6:      layout_loops_cross, minmay_temple_entry_glassed_door,
          minmay_a_box_with_orc_wizards_in_it
D:7:      minmay_the_grid_triangle_9x9_rhombus_thin
          [minmay_the_grid_triangle_9x9_odd_lines,
          minmay_the_grid_triangle_9x9_prize_center,
          minmay_the_grid_triangle_9x9_steps,
          minmay_the_grid_triangle_9x9_swiss_cheese], layout_rooms,
          gammafunk_ghost_wrathful_warriors
Temple:   zaba_magenta_temple

Skill      XL: |  1  2  3  4  5  6  7  8  9 |
---------------+----------------------------+-----
Unarmed Combat | 4 5 6 7 8 |  8.0
Dodging        | 3 4 |  4.7
Fighting       | 3 |  3.7
Stealth        | 2 3 |  3.1
Maces & Flails | 1 4 5 |  5.9
Throwing       | |  0.4

Action                   |  1- 3 |  4- 6 |  7- 9 || total
-------------------------+-------+-------+-------++-------
Melee: Unarmed           |   100 |   116 |    32 ||   248
       Punch             |     1 |     4 |     4 ||     9
       Flail             |       |       |   116 ||   116
Throw: Dart              |     3 |     2 |       ||     5
Invok: Ancestor Life: Ba |       |       |     1 ||     1
       Ancestor Identity |       |       |     1 ||     1
  Use: Potion            |     7 |       |     3 ||    10
       Scroll            |     3 |     3 |     6 ||    12
 Stab: Sleeping          |     3 |     2 |       ||     5
       Distracted        |       |       |     1 ||     1
  Eat: Chunk             |    14 |     8 |     6 ||    28
       Ration            |     3 |       |     4 ||     7
Armor: Robe              |    40 |    42 |    65 ||   147
       Skin              |       |       |    68 ||    68
Dodge: Dodged            |    54 |    55 |    96 ||   205

Table legend:
 A = Non-vault XP
 B = Vault XP
 C = Vault XP percentage of total XP
 D = Non-vault monster count
 E = Vault monster count
 F = Vault count percentage of total count
                 A         B        C        D         E       F
            +---------+---------+-------+---------+---------+-------
      Total |    1846 |    1774 |  49.0 |     110 |      15 |  12.0
            +---------+---------+-------+---------+---------+-------
        D:1 |      31 |       0 |   0.0 |      20 |       0 |   0.0
        D:2 |      11 |      36 |  76.6 |       6 |       1 |  14.3
        D:3 |     101 |       0 |   0.0 |      26 |       0 |   0.0
        D:4 |     721 |       0 |   0.0 |      27 |       0 |   0.0
        D:5 |     193 |     446 |  69.8 |       9 |       2 |  18.2
        D:6 |     313 |     163 |  34.2 |      17 |       4 |  19.0
        D:7 |     476 |    1129 |  70.3 |       5 |       8 |  61.5
            +---------+---------+-------+---------+---------+-------
